 Dungeon Crawl Stone Soup version 0.29.1-15-g9cfb28693d (webtiles) character file.

Game seed: 5760118196751949195

733 Sharkman1231 the Trooper (level 8, -5/73 HPs)
             Began as a Meteoran Wanderer on Apr 16, 2023.
             Was a Priest of Jiyva.
             Slain by a shock serpent (glowing shapeshifter) (11 damage)
             ... on level 5 of the Dungeon.
             The game lasted 00:09:30 (1832 turns).

Sharkman1231 the Trooper (Meteoran Wanderer)        Turns: 1832, Time: 00:09:31

Health: -5/73      AC:  4    Str: 15    XL:     8   Next: 24%
Magic:  6/11       EV: 11    Int: 14    God:    Jiyva [***...]
Gold:   196        SH:  0    Dex: 14    Spells: 5/9 levels left

rFire   . . .      SeeInvis .   e - +2 rapier (chaos)
rCold   . . .      Faith    .   (no shield)
rNeg    . . .      Spirit   .   b - +0 scale mail
rPois   .          Reflect  .   (no helmet)
rElec   .          Harm     .   (no cloak)
rCorr   +          Rampage  .   (no gloves)
Will    +....                   (no boots)
Stlth   ..........              (no amulet)
HPRegen 1.34/turn               (no ring)
MPRegen 0.47/turn               (no ring)

@: slimy, glowing
A: sense surroundings 1, otherworldly, glowing, explore regen, robust 1,
pseudopods 3
a: Renounce Religion, Oozemancy


You were on level 5 of the Dungeon.
You worshipped Jiyva.
Jiyva was most pleased with you.
You visited 1 branch of the dungeon, and saw 5 of its levels.

You collected 196 gold pieces.

Inventory:

Hand Weapons
 a - a +0 shortbow
 c - a +2 dagger of venom
 e - a +2 rapier of chaos (weapon)
Missiles
 f - 2 datura-tipped darts
Armour
 b - a +0 scale mail (worn)
Jewellery
 i - a ring of protection from cold
Scrolls
 g - a scroll of fear {unknown}
 h - a scroll of teleportation
 k - 2 scrolls of vulnerability {unknown}
Potions
 d - 5 potions of curing
 j - a potion of flight


   Skills:
 + Level 4.7 Fighting
 + Level 3.6 Short Blades
 - Level 4.3 Ranged Weapons
 + Level 4.3 Armour
 + Level 4.2 Dodging
 - Level 1.0 Stealth
 - Level 1.3 Spellcasting
 - Level 1.2 Fire Magic
 + Level 3.3 Ice Magic


You had 5 spell levels left.
You knew the following spells:

 Your Spells              Type           Power      Damage    Failure   Level
a - Foxfire               Conj/Fire      8%         2x1d4     58%         1
b - Frozen Ramparts       Ice            20%        1d4       56%         3

Your spell library contained the following spells:

 Spells                   Type           Power      Damage    Failure   Level
 Freeze                   Ice            40%        1d6       24%         1
 Ignite Poison            Fire/Tmut/Pois 2%         N/A       94%         3
 Stone Arrow              Conj/Erth      0%         3d7       95%         3
 Hailstorm                Conj/Ice       5%         3d4       99%         4
 Animate Armour           Summ/Erth      0%         N/A       100%        4
 Lehudib's Crystal Spear  Conj/Erth      0%         10d2      100%        8


Dungeon Overview and Level Annotations

Branches:
Dungeon (5/15) Zot: 1177
 Temple: D:4-7

Altars:
Sif Muna
Trog
Uskayaw
Xom
Jiyva

Shops:
D:1 :


Innate Abilities, Weirdness & Mutations

You passively map a small area around you.
You are easily found by Zot.
You glow in the dark.
You regain HP and MP as you explore.
You are robust. (+10% HP)
Armour fits poorly on your massive pseudopods.


Message History

The ice beast is moderately wounded.
The ice beast closely misses you.
You hit the ice beast. Your bludgeon misses the ice beast.
The ice beast is heavily wounded.
The ice beast misses you.
You hit the ice beast but do no damage.
The ice beast is moving more slowly.
The ice beast is heavily wounded.
The ice beast hits you. The ice beast freezes you!
You hit the ice beast.
The ice beast is heavily wounded.
A scorpion comes into view.
The ice beast hits you but does no damage.
You hit the ice beast.
You punch the ice beast, but do no damage.
The ice beast is heavily wounded.
The ice beast misses you.
You hear a distant slurping noise.
You hit the ice beast. You bludgeon the ice beast!
The ice beast is almost dead.
The ice beast hits you. The ice beast freezes you!
You catch the helpless ice beast completely off-guard!
You hit the ice beast.
You kill the ice beast!
Your life force feels restored.
You hit the scorpion.
The scorpion changes into a glowing shapeshifter!
Your bludgeon misses the glowing shapeshifter.
The glowing shapeshifter changes into a shock serpent!
You hit the shock serpent.
The shock serpent is poisoned.
The shock serpent is lightly wounded.
The shock serpent shoots out a bolt of lightning at you!
The bolt of electricity hits you!!
* * * LOW HITPOINT WARNING * * *
Unknown command.
Okay, then.
A thick mucus forms on your +2 rapier of chaos.
You can no longer turn your foes to slime.
The shock serpent bites you but does no damage.
The shock serpent bites you!
You die...

...... , ....# * *
* , #...# * , ,
#...# ..#** ..##.
, #...# *#J. #....
#...# ..# *#....
,.. #..S# ##..#
.....
#..#..@###..#
#..#..
#.......#...# ..#
#. ##......#..##
#..# # #..
##.........####..#
# ##...
#...........#..#*
# #....
##....##.......# #
#....##
#..#######...## #
....####...###
###..######
#...........#
##.......


You could see a shock serpent shaped shifter (very poisoned).

Vanquished Creatures
  A water moccasin (D:5)
  An ice beast (D:5)
  A phantom (D:4)
  A kobold brigand (D:5)
  2 necrophages (D:5)
  2 scorpions
  An orc wizard (D:4)
  A gnoll (D:1)
  8 adders
  4 orcs (D:4)
  7 ball pythons
  2 bats (D:1)
  2 giant cockroaches (D:2)
  7 goblins
  3 hobgoblins
  9 jackals
  5 quokkas
  5 frilled lizards
  10 kobolds
  3 rats
75 creatures vanquished.

Vanquished Creatures (others)
  A jelly (D:4)
  2 adders (D:2)
  2 orcs (D:3)
  4 bats
  An endoplasm (D:2)
  A giant cockroach (D:2)
  2 goblins
  2 hobgoblins
  A jackal (D:2)
  A kobold (D:1)
  A rat (D:1)
  4 foxfires
22 creatures vanquished.

Grand Total: 97 creatures vanquished

Notes
Turn   | Place    | Note
-------+----------+-------------------------------------------
     0 | D:1      | Sharkman1231 the Meteoran Wanderer began the quest for the
                  | Orb.
     0 | D:1      | Sharkman1231 set off with the following items: a +0
                  | shortbow, a +0 scale mail, a potion of haste; and the
                  | following spell memorised: Foxfire; and the following
                  | spells available to memorise: Ignite Poison.
     0 | D:1      | Reached XP level 1. HP: 16/16 MP: 3/3
    43 | D:1      | Reached XP level 2. HP: 19/24 MP: 5/5
    91 | D:1      | Found Loxzikommyr's Book Boutique.
   131 | D:1      | Reached XP level 3. HP: 19/30 MP: 6/6
   169 | D:1      | Found a faded altar of an unknown god.
   180 | D:1      | Prayed at the altar of an unknown god.
   180 | D:1      | Became a worshipper of Jiyva Jiuliog the Shapeless
   180 | D:1      | Reached * piety under Jiyva
   320 | D:1      | Reached XP level 4. HP: 37/37 MP: 7/7
   418 | D:2      | Reached skill level 1 in Short Blades
   528 | D:2      | Reached ** piety under Jiyva
   547 | D:2      | Learned a level 3 spell: Frozen Ramparts
   784 | D:3      | Reached XP level 5. HP: 42/45 MP: 8/8
  1043 | D:4      | Reached *** piety under Jiyva
  1077 | D:4      | Found a bloodstained altar of Trog.
  1122 | D:4      | Gained mutation: Armour fits poorly on your pseudopods.
                  | [Jiyva's grace]
  1122 | D:4      | Gained mutation: Armour fits poorly on your large
                  | pseudopods. [Jiyva's grace]
  1122 | D:4      | Gained mutation: Armour fits poorly on your massive
                  | pseudopods. [Jiyva's grace]
  1122 | D:4      | Gained mutation: You are robust. (+10% HP) [Jiyva's grace]
  1172 | D:4      | Reached skill level 1 in Ice Magic
  1172 | D:4      | Reached XP level 6. HP: 25/56 MP: 9/9
  1297 | D:4      | Found a hide-covered altar of Uskayaw.
  1502 | D:5      | Entered Level 5 of the Dungeon
  1562 | D:5      | Reached **** piety under Jiyva
  1596 | D:5      | Found a shimmering blue altar of Sif Muna.
  1605 | D:5      | Reached XP level 7. HP: 36/64 MP: 10/10
  1641 | D:5      | Found a large runed translucent door.
  1642 | D:5      | Found a large runed translucent door.
  1642 | D:5      | Found a shimmering altar of Xom.
  1706 | D:5      | Noticed a water moccasin
  1725 | D:5      | Killed a water moccasin
  1812 | D:5      | Reached XP level 8. HP: 55/71 MP: 11/11
  1830 | D:5      | Noticed a glowing shapeshifter
  1830 | D:5      | a scorpion changed into a glowing shapeshifter
  1830 | D:5      | Noticed a shock serpent
  1830 | D:5      | a glowing shapeshifter changed into a shock serpent
  1832 | D:5      | Slain by a shock serpent (glowing shapeshifter)

Illustrated notes

Levels and vault maps discovered:
D:1:      dpeg_arrival_round_c, layout_rooms, serial_shops, shop,
          hellmonk_ecumenical_altar_pennies_from_heaven, minmay_crystal_room,
          minmay_small_reverse_x
D:2:      minmay_recursive_quarters, layout_loops_ring
D:3:      cheibrodos_helix_gallery, layout_basic, ashenzari_altar_1
D:4:      layout_basic, nicolae_uskayaw_dance_hall, trog_three_pillars_becter,
          minmay_hedge_maze
D:5:      due_chaos_kobolds, layout_layer_cave, nicolae_sif_muna_condensation

Skill      XL: |  1  2  3  4  5  6  7 |
---------------+----------------------+-----
Fighting       | 2 3 4 |  4.7
Short Blades   | 1 2 3 |  3.6
Armour         | 2 3 4 |  4.3
Dodging        | 2 3 4 |  4.2
Ice Magic      | 1 2 3 |  3.3
Ranged Weapons | |  4.3
Stealth        | |  1.0
Spellcasting   | |  1.3
Fire Magic     | |  1.2

Action                   |  1- 3 |  4- 6 |  7- 9 || total
-------------------------+-------+-------+-------++-------
Melee: Dagger            |    39 |   146 |    16 ||   201
       Punch             |     1 |     1 |     2 ||     4
       Pseudopods        |       |     7 |    11 ||    18
       Rapier            |       |       |    26 ||    26
 Fire: Shortbow          |    42 |       |       ||    42
 Cast: Foxfire           |       |     1 |     1 ||     2
Invok: Oozemancy         |       |       |     1 ||     1
       Slimify           |       |       |     1 ||     1
  Use: Potion            |     1 |     1 |       ||     2
       Scroll            |       |     5 |       ||     5
 Stab: Petrifying        |       |       |     1 ||     1
Armor: Scale mail        |    54 |    54 |     7 ||   115
Dodge: Dodged            |    35 |    68 |    25 ||   128
